 Dungeon Crawl Stone Soup version 0.28.0-45-g0d030f2227 (webtiles) character file.

Game seed: 2594562650545311686

117 Fartwhistle the Skirmisher (level 4, -1/41 HPs)
             Began as a Minotaur Fighter on Apr 10, 2022.
             Killed by divine providence
             ... invoked by an orc priest
              (13 damage)
             ... on level 3 of the Dungeon.
             The game lasted 00:05:19 (1373 turns).

Fartwhistle the Skirmisher (Minotaur Fighter)       Turns: 1373, Time: 00:05:20

Health: -1/41      AC:  8    Str: 22    XL:     4   Next: 71%
Magic:  3/3        EV:  9    Int:  5    God:
Gold:   74         SH:  4    Dex: 10    Spells: 3/3 levels left

rFire   . . .      SeeInvis .   a - +0 war axe
rCold   . . .      Faith    .   c - +0 buckler
rNeg    . . .      Spirit   .   b - +0 scale mail
rPois   .          Reflect  .   (helmet restricted)
rElec   .          Harm     .   (no cloak)
rCorr   +          Rampage  .   j - +0 pair of gloves
Will    .....                   (no boots)
Stlth   ..........              (no amulet)
HPRegen 0.13/turn               m - ring of resist corrosion
MPRegen 0.08/turn               (no ring)

@: no status effects
A: horns 2, retaliatory headbutt
a: no special abilities


You were on level 3 of the Dungeon.
You visited 1 branch of the dungeon, and saw 3 of its levels.

You collected 74 gold pieces.

Inventory:

Hand Weapons
 a - a +0 war axe (weapon)
Armour
 b - a +0 scale mail (worn)
 c - a +0 buckler (worn)
 j - a +0 pair of gloves (worn)
Jewellery
 m - a ring of resist corrosion (left hand)
Scrolls
 e - 4 scrolls of identify {unknown}
 h - a scroll of teleportation {unknown}
 i - a scroll of silence {unknown}
 l - a scroll of magic mapping {unknown}
 n - a scroll of enchant armour {unknown}
 o - a scroll of vulnerability {unknown}
 q - a scroll of fear {unknown}
Potions
 d - a potion of might
 f - 2 potions of flight {unknown}
 g - 2 potions of curing {unknown}
 k - a potion of heal wounds {unknown}
 p - a potion of experience {unknown}


   Skills:
 + Level 4.9 Fighting
 + Level 3.9(4.0) Axes
 - Level 1.0(2.6) Maces & Flails
 + Level 4.2 Armour
 - Level 0.2 Dodging
 - Level 4.0 Shields


You had 3 spell levels left.
You didn't know any spells.
Your spell library contained the following spells:

 Spells                   Type           Power      Damage    Failure   Level
 Ensorcelled Hibernation  Hex/Ice        0%         N/A       95%         2
 Passwall                 Tmut/Erth      0%         N/A       95%         2
 Swiftness                Air            0%         N/A       99%         3


Dungeon Overview and Level Annotations

Branches:
Dungeon (3/15)

Altars:


Innate Abilities, Weirdness & Mutations

You have a pair of horns on your head.
You reflexively headbutt those who attack you in melee.


Message History

An orc comes into view. It is wielding a +0 falchion.
An orc comes into view. It is wielding a +0 short sword.
You hit the orc priest.
The orc priest is lightly wounded.
You slash the orc priest!
You kill the orc priest!
The orc priest invokes the aid of Beogh against you.
Beogh smites you!
Your Armour skill increases to level 4!
Found a stone staircase leading down.
The orc priest hits you but does no damage.
You slash the orc priest!
The orc priest is heavily wounded.
You closely miss the orc. Your headbutt misses the orc. You hit the orc priest.
You headbutt the orc priest, but do no damage.
The orc priest is severely wounded.
You hit the orc. You barely miss the orc.
The orc priest hits you but does no damage.
You block the orc's attack. The orc barely misses you.
The orc priest mumbles some strange prayers to Beogh against you.
Beogh smites you! The orc barely misses you.
The orc hits you but does no damage.
You closely miss the orc priest.
The orc priest is severely wounded.
You hit the orc. You completely miss the orc. You hit the orc.
You kill the orc!
The orc priest invokes the aid of Beogh against you.
Pain shoots through your body!
* * * LOW HITPOINT WARNING * * *
The orc barely misses you. The orc closely misses you.
You are too injured to fight recklessly!
You are too injured to fight recklessly!
The orc priest calls upon Beogh to heal the orc.
The orc's wounds heal themselves!
The orc hits you with a +0 short sword.
* * * LOW HITPOINT WARNING * * *
The orc priest invokes the aid of Beogh against you.
Beogh smites you!
You die...

......###.##### ........
..............# ##......
.#....###.###.### #.....#
.####.# #.......# #.....# .#
#.# #.......# #.)...#
.####.###.......# #...).#
............#.#######.#####..
....#.###.#.#.....o.o........
.##.#.##........@.o...#####..
###.#.##..#.#.######.........
#.#.##..#.#.######....)..##
#.#.##..#.#................
###.##..#.#..#####.......##
......#.#..............#
###.#.#..####........#
#.#.#..# #........# #.#..#
#........#


You could see an orc priest and 2 orcs.

Vanquished Creatures
  An orc priest (D:3)
  Jessica (D:2)
  An adder (D:2)
  A worm (D:2)
  4 dart slugs
  3 orcs
  3 bats
  A giant cockroach (D:2)
  4 hobgoblins
  4 jackals (D:2)
  2 kobolds (D:1)
  3 quokkas
  3 ball pythons (D:2)
  A frilled lizard (D:1)
  6 rats
38 creatures vanquished.

Notes
Turn   | Place    | Note
-------+----------+-------------------------------------------
     0 | D:1      | Fartwhistle the Minotaur Fighter began the quest for the
                  | Orb.
     0 | D:1      | Reached XP level 1. HP: 19/19 MP: 0/0
   104 | D:1      | Reached XP level 2. HP: 25/27 MP: 1/1
   755 | D:2      | Reached XP level 3. HP: 32/33 MP: 2/2
   765 | D:2      | Reached skill level 1 in Maces & Flails
   778 | D:2      | Found a faded altar of an unknown god.
   900 | D:2      | Noticed Jessica
   903 | D:2      | Killed Jessica
   904 | D:2      | Reached XP level 4. HP: 41/41 MP: 3/3
  1373 | D:3      | Killed from afar by an orc priest

Illustrated notes

Levels and vault maps discovered:
D:1:      saegor_arrival_simple_e, layout_basic, serial_corexii_hall,
          corexii_hall_statues_x, chequers_hall_statues_wall_a
D:2:      layout_loops_ring, shapermc_ecumenical_altar_venn, uniq_jessica
D:3:      layout_basic, st_stairs_6

Skill      XL: |  1  2  3  4 |
---------------+-------------+-----
Axes           | 3 |  3.9
Shields        | 4 |  4.0
Fighting       | 4 |  4.9
Maces & Flails | 1 |  1.0
Armour         | 4 |  4.2
Dodging        | |  0.2

Action                   |  1- 3 |  4- 6 || total
-------------------------+-------+-------++-------
Melee: War axe           |    48 |    26 ||    74
       Headbutt          |     7 |     3 ||    10
Armor: Scale mail        |    22 |    10 ||    32
Dodge: Dodged            |    24 |    17 ||    41
Block: Buckler           |    14 |    11 ||    25
